Cogmind - Beta 14 @@@ ROGUE MODE // 2025.03.26 @ 20:44:56 // Winter2019/RPGLIKE Player: Lava Result: Core destroyed Performance ------------- Evolutions (2) 1000 Regions Visited (5) 1000 Robots Destroyed (48) 240 Value Destroyed (1221) 1221 Prototype IDs (31) 620 Alien Tech Used (0) 0 Bonus (334) 334 TOTAL SCORE: 4415 Bonus ------- High Alert Combat Kills 34 Aligned with FarCom 300 Cogmind --------- Core Integrity 0/600 Matter 124/300 Energy 160/160 System Corruption 0% Temperature Critical (725) Movement Flying (120) Ox1 Location -8/Materials Parts ------- > --- POWER (1) -------- Light Nuclear Core > --- PROPULSION (4) --- Flight Unit Flight Unit > --- UTILITY (4) ------ Improved Signal Interpreter Hacking Suite System Shield > --- WEAPON (2) ------- Assault Cannon Flak Cannon > --- INVENTORY (1) ---- Rocket Launcher Peak State ------------ > --- POWER ------------ Light Ion Engine > --- PROPULSION ------- Flight Unit Flight Unit > --- UTILITY ---------- Propulsion Shielding Hacking Suite > --- WEAPON ----------- AWS/Thermal > --- INVENTORY -------- Grenade Launcher [Rating: 23] Favorites ----------- Power Light Ion Engine Engine Light Ion Engine Power Core Light Nuclear Core Propulsion Flight Unit Treads Light Treads Flight Unit Flight Unit Utility Hacking Suite Processor Improved Signal Interpreter Hackware Hacking Suite Protection Propulsion Shielding Weapon Assault Rifle Energy Gun AWS/Thermal Ballistic Gun Assault Rifle Ballistic Cannon Flak Cannon Build | -11 -10 -10 -10 -9 -8 ------- Run | Yrd Mat Min Exi Min Mat Slots Evolved 7 | 3 1 2 . . 1 Power . | . . . . . . Propulsion 3 | 1 . 2 . . . Utility 3 | 1 1 . . . 1 Weapon 1 | 1 . . . . . Parts Attached 23 | 6 4 . 3 . 10 Power 4 | 1 . . . . 3 Engine 2 | 1 . . . . 1 Core 2 | . . . . . 2 Reactor . | . . . . . . Propulsion 4 | 2 2 . . . . Treads 2 | 2 . . . . . Leg . | . . . . . . Wheel . | . . . . . . Hover . | . . . . . . Flight 2 | . 2 . . . . Utility 6 | . 2 . . . 4 Device . | . . . . . . Storage . | . . . . . . Processor 2 | . . . . . 2 Hackware 3 | . 1 . . . 2 Protection 1 | . 1 . . . . Artifact . | . . . . . . Weapon 9 | 3 . . 3 . 3 Energy Gun 1 | . . . 1 . . Energy Cannon . | . . . . . . Ballistic Gun 5 | 3 . . 2 . . Ballistic Cannon 3 | . . . . . 3 Launcher . | . . . . . . Special Weapon . | . . . . . . Impact Weapon . | . . . . . . Slashing Weapon . | . . . . . . Piercing Weapon . | . . . . . . Special Melee Weapon . | . . . . . . Unidentified Prototypes 1 | . . . . . 1 Parts Lost 1 | . . . . . 1 Power . | . . . . . . Propulsion . | . . . . . . Utility 1 | . . . . . 1 Weapon . | . . . . . . Highest Loss Streak 1 | . . . . . 1 To Critical Strikes . | . . . . . . Average Slot Usage (%) 72 | . 68 70 63 70 80 Engine 10 | . 13 10 10 10 5 Core 1 | . . . . . 4 Treads 11 | . 18 . . . . Flight 12 | . 8 20 20 20 18 Processor 2 | . . . . . 8 Hackware 8 | . . 10 10 10 24 Protection 1 | . . 10 10 10 1 Ballistic Gun 19 | . 27 20 13 20 4 Ballistic Cannon 4 | . . . . . 14 Peak Build Rating 23 | 5 9 9 23 9 23 Average Rating 9 | 4 5 9 8 9 19 On Entrance 6 | . 5 9 9 9 9 Naked Turns . | . . . . . . Heaviest Build 16 | 6 7 7 7 7 16 Greatest Support 40 | 40 40 8 8 8 18 Greatest Overweight (x) 1 | . 1 . . . . Average Overweight (x) . | . . . . . . Largest Inventory Capacity 1 | 1 1 1 1 1 1 Average Capacity 1 | 1 1 1 1 1 1 Most Carried 1 | 1 1 1 1 1 1 Average Carried . | . . 1 1 1 1 Final Capacity 1 | 1 1 1 1 1 1 Final Carried 1 | 1 1 1 1 1 1 Class Distribution -------------------- 70% | Mutant 28% | Hacker-Scout Dominant Class ---------------- Mutant | -10/Materials Mutant | -10/Mines Mutant | -10/Exiles Scout | -9/Mines Hacker-Scout | -8/Materials Resources | -11 -10 -10 -10 -9 -8 ----------- Run | Yrd Mat Min Exi Min Mat Matter Collected 1226 | 196 424 14 . . 592 Remotely . | . . . . . . Salvage Created 936 | . 512 . . . 424 Parts 98 | . 55 . . . 43 Haulers Intercepted 1 | . . . . . 1 Recyclers Shooed 1 | . 1 . . . . Parts Field Recycled . | . . . . . . Retrieved Matter . | . . . . . . Parts Self-Destructed . | . . . . . . Prevented . | . . . . . . Kills | -11 -10 -10 -10 -9 -8 ------- Run | Yrd Mat Min Exi Min Mat Combat Hostiles Destroyed 40 | . 20 . . . 20 Guns 21 | . 20 . . . 1 Cannons 19 | . . . . . 19 Classes Destroyed 8 | . 4 . . . 4 Worker 1 | . . . . . 1 Hauler 1 | . . . . . 1 Operator 2 | . 1 . . . 1 Watcher 4 | . 3 . . . 1 Swarmer 18 | . 12 . . . 6 Grunt 16 | . 8 . . . 8 Duelist 1 | . . . . . 1 Sentry 5 | . . . . . 5 Best Kill Streak 13 | . 6 . . . 13 Combat Bots Only 8 | . 5 . . . 8 Max Kills in Single Turn 1 | . 1 . . . 1 Gunslinging . | . . . . . . Exploded . | . . . . . . Melee . | . . . . . . Uniques/NPCs Destroyed . | . . . . . . Combat | -11 -10 -10 -10 -9 -8 -------- Run | Yrd Mat Min Exi Min Mat Hostile Shots Fired 158 | . 80 . . . 78 Missed 37 | . 20 . . . 17 Damage Taken 1458 | . 552 . . . 906 Core 1226 | . 456 . . . 770 Absorbed by Shields . | . . . . . . Redirected to Core 759 | . 304 . . . 455 Core Remaining (%) 87 | 100 . . . 75 . Volleys Fired 136 | . 77 . . . 59 Largest 2 | . 2 . . . 2 Hottest 88 | . 40 . . . 88 Shots Fired 263 | . 154 . . . 109 Gun 162 | . 154 . . . 8 Cannon 101 | . . . . . 101 Launcher . | . . . . . . Special . | . . . . . . Kinetic 263 | . 154 . . . 109 Thermal . | . . . . . . Explosive . | . . . . . . Electromagnetic . | . . . . . . Robot Hit Streak 16 | . 16 . . . 16 Robot Miss Streak 11 | . 4 . . . 11 Penetration Max . | . . . . . . Secondary Targets 2 | . 2 . . . . Max Gunslinging Chain 1 | . 1 . . . . Shots Hit Robots 176 | . 94 . . . 82 Core Hits 100 | . 37 . . . 63 Critical Kills . | . . . . . . Critical Parts Destroyed . | . . . . . . Critical Strikes 2 | . . . . . 2 Blast 2 | . . . . . 2 Melee Attacks . | . . . . . . Impact . | . . . . . . Slashing . | . . . . . . Piercing . | . . . . . . Sneak Attacks . | . . . . . . Combat Hostiles . | . . . . . . Follow-up Attacks . | . . . . . . Damage Inflicted 2706 | . 980 . . . 1726 Guns 1075 | . 980 . . . 95 Cannons 1631 | . . . . . 1631 Explosions . | . . . . . . Melee . | . . . . . . Ramming . | . . . . . . Kinetic 2706 | . 980 . . . 1726 Thermal . | . . . . . . Explosive . | . . . . . . Electromagnetic . | . . . . . . Impact . | . . . . . . Slashing . | . . . . . . Piercing . | . . . . . . Highest Corruption 2 | . 2 2 2 2 . Average Corruption 2 | . 2 2 2 2 . Corruption Purged . | . . . . . . Corruption Blocked . | . . . . . . Effects 7 | . 5 . 2 . . Message Errors 2 | . 2 . . . . Matter Fused 4 | . 3 . 1 . . Heat Flow Errors 1 | . . . 1 . . Overload Shots . | . . . . . . Overflow Damage 2 | . . . . . 2 Projectiles 2 | . . . . . 2 Explosions . | . . . . . . Melee . | . . . . . . Knockbacks 23 | . . . . . 23 Impact . | . . . . . . Kinetic 20 | . . . . . 20 Secondary 3 | . . . . . 3 Self-Inflicted Damage . | . . . . . . Shots . | . . . . . . Rammed . | . . . . . . Targets Rammed . | . . . . . . Kicked . | . . . . . . Crushed . | . . . . . . Highest Temperature 725 | . 18 . 105 . 725 Average Temperature 170 | . 5 . 54 . 234 Received Heat Transfer 486 | . 144 . . . 342 Effects 30 | . . . . . 30 Shutdowns 8 | . . . . . 8 Energy Bleed 2 | . . . . . 2 Interference 3 | . . . . . 3 Matter Decay 1 | . . . . . 1 Short Circuit 1 | . . . . . 1 Damage (minor) 5 | . . . . . 5 Damage (major) 9 | . . . . . 9 Damage (core) 1 | . . . . . 1 Siege Activations . | . . . . . . Robots Corrupted . | . . . . . . Combat Hostiles . | . . . . . . Parts Fried . | . . . . . . Impact Corruptions . | . . . . . . Robots Melted . | . . . . . . Combat Hostiles . | . . . . . . Parts Melted . | . . . . . . Heat Transferred . | . . . . . . Parts Sabotaged . | . . . . . . Parts Stolen . | . . . . . . Parts Stripped . | . . . . . . Power Chain Reactions . | . . . . . . Alert | -11 -10 -10 -10 -9 -8 ------- Run | Yrd Mat Min Exi Min Mat Peak Influence 470 | . 391 115 . . 470 Initial 115 | . . 115 . . . Average 156 | . 139 115 . . 222 Maximum Alert Level 2 | . 1 . . . 2 Low Security (%) 66 | 100 72 100 . 100 44 Level 1 30 | . 27 . . . 47 Level 2 2 | . . . . . 8 Level 3 . | . . . . . . Level 4 . | . . . . . . Level 5 . | . . . . . . High Security . | . . . . . . Max Security . | . . . . . . Squads Dispatched 4 | . 3 . . . 1 Investigation 2 | . 1 . . . 1 Extermination . | . . . . . . Reinforcement 2 | . 2 . . . . Assault . | . . . . . . Garrison . | . . . . . . Intercept . | . . . . . . Searches Triggered . | . . . . . . Construction Impeded . | . . . . . . Haulers Reinforced . | . . . . . . Active Scanning Responses . | . . . . . . Cargo Convoy Interrupts . | . . . . . . Stealth | -11 -10 -10 -10 -9 -8 --------- Run | Yrd Mat Min Exi Min Mat Distress Signals 7 | . 1 . . . 6 Communications Jammed . | . . . . . . Distress Signals . | . . . . . . Times Spotted 60 | . 30 . . . 30 Peak Tracking Total 11 | . 4 . . . 11 Tactical Retreats 2 | . 1 . . . 1 Traps | -11 -10 -10 -10 -9 -8 ------- Run | Yrd Mat Min Exi Min Mat Traps Triggered 1 | . 1 . . . . Indirectly . | . . . . . . Trap Hack Attempts . | . . . . . . Triggered . | . . . . . . Disarmed 6 | . . . . . 6 Reprogrammed . | . . . . . . Reused . | . . . . . . Traps Extracted . | . . . . . . Installed . | . . . . . . Triggered . | . . . . . . Machines | -11 -10 -10 -10 -9 -8 ---------- Run | Yrd Mat Min Exi Min Mat Machines Disabled 1 | . . . . . 1 Max in Single Turn 1 | . . . . . 1 Garrison Access 1 | . . . . . 1 Machines Repaired . | . . . . . . Machines Dismantled . | . . . . . . Machines Sabotaged . | . . . . . . Overloaded Fab Kills . | . . . . . . Hacking | -11 -10 -10 -10 -9 -8 --------- Run | Yrd Mat Min Exi Min Mat Machines Accessed 16 | . 7 . 1 . 8 Terminals 14 | . 7 . . . 7 Fabricators . | . . . . . . Repair Stations . | . . . . . . Recycling Units . | . . . . . . Scanalyzers . | . . . . . . Garrison Access 1 | . . . . . 1 Total Hacks 59 | . 24 . 1 . 34 Successful 24 | . 8 . 1 . 15 Failed 35 | . 16 . . . 19 Catastrophic 8 | . 3 . . . 5 Database Lockouts . | . . . . . . Manual 37 | . 16 . 1 . 20 Terminals 57 | . 24 . . . 33 Fabricators . | . . . . . . Repair Stations . | . . . . . . Recycling Units . | . . . . . . Scanalyzers . | . . . . . . Garrison Access 1 | . . . . . 1 Terminal Hacks 23 | . 8 . 1 . 14 Prototype ID Bank 6 | . 5 . . . 1 Level Access Points 2 | . . . . . 2 Terminal Index 2 | . 1 . . . 1 Garrison Index 1 | . . . . . 1 Unreport Threat 3 | . . . . . 3 Disarm Traps 2 | . . . . . 2 Transport Status 1 | . . . . . 1 Garrison Status 1 | . . . . . 1 Hauler Manifests 2 | . 1 . . . 1 Registered Components 2 | . 1 . . . 1 Derelict Proto ID Bank 1 | . . . 1 . . Fabricator Hacks . | . . . . . . Repair Station Hacks . | . . . . . . Recycling Unit Hacks . | . . . . . . Scanalyzer . | . . . . . . Garrison Access Hacks 1 | . . . . . 1 Seal Access 1 | . . . . . 1 Unauthorized Hacks . | . . . . . . Terminals . | . . . . . . Fabricators . | . . . . . . Repair Stations . | . . . . . . Recycling Units . | . . . . . . Scanalyzers . | . . . . . . Garrison Access . | . . . . . . Data Cores Recovered 1 | . . . . . 1 Used . | . . . . . . Hacking Detections 14 | . 7 . . . 7 Full Trace Events 2 | . 1 . . . 1 Feedback Events . | . . . . . . Feedback Blocked . | . . . . . . Robot Schematics Acquired . | . . . . . . Robots Built . | . . . . . . Authchips . | . . . . . . Time . | . . . . . . Total Robot Build Rating . | . . . . . . Part Schematics Acquired . | . . . . . . Parts Built . | . . . . . . Authchips . | . . . . . . Time . | . . . . . . Total Part Build Rating . | . . . . . . Parts Repaired . | . . . . . . Time . | . . . . . . Parts Recycled . | . . . . . . Recycled Matter . | . . . . . . Retrieved Matter . | . . . . . . Retrieved Components . | . . . . . . Parts Scanalyzed . | . . . . . . Part Schematics Acquired . | . . . . . . Parts Damaged . | . . . . . . Bothacking | -11 -10 -10 -10 -9 -8 ------------ Run | Yrd Mat Min Exi Min Mat Used RIF Installer . | . . . . . . Robots Hacked . | . . . . . . Non-combat . | . . . . . . Combat . | . . . . . . Robot Hacks Applied . | . . . . . . Relay Couplers Released . | . . . . . . Fabnet Peak Effective % . | . . . . . . Robots Rewired . | . . . . . . Allies Hacked . | . . . . . . Hacks Repelled . | . . . . . . Allies | -11 -10 -10 -10 -9 -8 -------- Run | Yrd Mat Min Exi Min Mat Total Allies . | . . . . . . Largest Group . | . . . . . . Highest-Rated Group . | . . . . . . Highest-Rated Ally . | . . . . . . Total Orders . | . . . . . . Ally Attacks . | . . . . . . Total Damage . | . . . . . . Kills . | . . . . . . Allies Corrupted . | . . . . . . Allies Melted . | . . . . . . Intel | -11 -10 -10 -10 -9 -8 ------- Run | Yrd Mat Min Exi Min Mat Robot Analysis Total . | . . . . . . Derelict Logs Recovered 1 | . . 1 . . . Drone Launches . | . . . . . . Drone Recoveries . | . . . . . . Exploration | -11 -10 -10 -10 -9 -8 ------------- Run | Yrd Mat Min Exi Min Mat Turns Passed 1565 | 75 885 46 88 14 457 Spaces Moved 1656 | 46 763 124 222 37 464 Core 9 | 9 . . . . . Treads 306 | 37 269 . . . . Legs . | . . . . . . Wheels . | . . . . . . Hover . | . . . . . . Flight 1341 | . 494 124 222 37 464 Fastest Speed 37 | 50 37 37 37 37 37 Average Speed 59 | 138 80 37 37 37 37 Slowest Speed 160 | 160 160 37 37 37 37 Overloaded Moves . | . . . . . . Propulsion Burnouts . | . . . . . . Robots Hopped 14 | . 4 . . . 10 Cave-ins Triggered . | . . . . . . Exploration Rate (%) 39 | 3 97 34 42 16 46 Regions Visited 5 Branch Regions 3 Pre-discovered Areas 1 | . . 1 . . . Known Exits Taken . | . . . . . . Unknown Exits Taken 5 | 1 1 1 1 1 . Scrap Searched 1 | . . 1 . . . Spaces Dug . | . . . . . . Terrain Destroyed 7 | . . . . . 7 Melee . | . . . . . . Projectile 7 | . . . . . 7 AOE . | . . . . . . Terrain Rammed . | . . . . . . Walls Destroyed . | . . . . . . Machines Disabled . | . . . . . . Actions | -11 -10 -10 -10 -9 -8 --------- Run | Yrd Mat Min Exi Min Mat Total 1963 | 57 889 123 227 36 631 Wait 107 | . 29 . . . 78 Move 1626 | 45 754 123 221 36 447 Hop 11 | . 4 . . . 7 Pick Up 9 | 6 2 . . . 1 Fast Attach 13 | . 2 . 3 . 8 Attach 5 | 5 . . . . . Detach . | . . . . . . Swap 5 | 1 2 . . . 2 Drop 13 | . 2 . 3 . 8 Fire 136 | . 77 . . . 59 Melee . | . . . . . . Ram . | . . . . . . Kick . | . . . . . . Crush . | . . . . . . Escape Stasis . | . . . . . . Rewire . | . . . . . . Trap . | . . . . . . Miscellaneous 38 | . 17 . . . 21 Route ------- -11/Scrapyard -10/Materials (discovered 5 exits: [*Mat x3] / [*Min x2]) -10/Mines (discovered 2 exits: [*Mat] / *Exi) -10/Exiles -9/Mines -8/Materials (discovered 3 exits: Fac x3) History --------- Turn | Location | Event 1 | -11/Scrapyard | Upgraded with Propulsion slot (x1) 1 | -11/Scrapyard | Upgraded with Utility slot (x1) 1 | -11/Scrapyard | Upgraded with Weapon slot (x1) 12 | -11/Scrapyard | Discovered new exit (range 16) 76 | -11/Scrapyard | Entered Materials 305 | -10/Materials | Build established: Mutant 466 | -10/Materials | Discovered new exit (range 3) 530 | -10/Materials | Discovered new exit (range 5) 677 | -10/Materials | Discovered new exit (range 16) 699 | -10/Materials | Reached level 2 705 | -10/Materials | Upgraded with Utility slot (x1) 716 | -10/Materials | Discovered new exit (range 15) 831 | -10/Materials | Discovered new exit (range 3) 961 | -10/Materials | Entered Mines 963 | -10/Mines | Reached level 3 963 | -10/Mines | Upgraded with Propulsion slot (x2) 967 | -10/Mines | Learned location of Zion (-6) 968 | -10/Mines | Discovered new exit (range 8) 1006 | -10/Mines | Deemed a non-threat by the Exiles lab entrance 1006 | -10/Mines | Discovered new exit (range 5) 1007 | -10/Mines | Entered Exiles 1017 | -10/Exiles | Met 8R-AWN 1023 | -10/Exiles | Met EX-HEX 1034 | -10/Exiles | Met EX-BIN 1040 | -10/Exiles | Aligned with FarCom system 1040 | -10/Exiles | Given EX-Vault access code 1048 | -10/Exiles | Opened EX-Vault 1051 | -10/Exiles | Found AWS/Thermal 1060 | -10/Exiles | Warned to stay clear of 0b10 Research branches 1090 | -10/Exiles | Discovered new exit (range 14) 1095 | -10/Exiles | Entered Mines 1105 | -9/Mines | Discovered new exit (range 9) 1109 | -9/Mines | Entered Materials 1111 | -8/Materials | Reached level 4 1118 | -8/Materials | Identified exit to Factory 1238 | -8/Materials | Reached level 5 1243 | -8/Materials | Upgraded with Utility slot (x1) 1421 | -8/Materials | Build established: Hacker-Scout 1525 | -8/Materials | Reached level 6 1546 | -8/Materials | Core integrity fell below 50% 1566 | -8/Materials | Core integrity fell below 20% 1567 | -8/Materials | Core destroyed Last Messages --------------- 01556_ K-01 Serf collects debris. 01557_ Overheating: Hacking Suite damaged (-7). 01558_ Overheating: System Shield damaged (-1). 01558_ Overheating: Hacking Suite damaged (-1). 01558_ Overheating: Assault Cannon damaged (-40). 01559_ Power failure, Lgt. Nuclear Core shutdown. 01559_ G-47 Trooper destroyed. 01559_ Critical hit (Burn: +37). 01559_ K-01 Serf collects debris. 01561_ Overheating: Hacking Suite damaged (-1). 01561_ K-01 Serf collects debris. 01563_ Overheating: Lgt. Nuclear Core damaged (-2). 01563_ K-01 Serf collects debris. 01563_ U-05 Engineer builds a Wall. 01563_ W-25 Informer sends out distress signal. 01565_ Flight Unit broken. 01565_ Overheating: Short circuit. 01565_ Hacking Suite destroyed. 01566_ K-01 Serf collects debris. 01567_ Overheating: Core damaged (-120). Map ----- +----------------------------------------------------+ | ???????????????? ????????????????????# | | ??????????????? ????????????????????? | | ????????????????" !!! ????????????????????? | | ????????????????" !!! #########???????????? | | ??????????????""" !! #???????????? | | ?????????????? ] #???????????? | | ????????????? +???????????? | | ???????????????# #???????????? | | ???????????????# #???????????? | | ???????????????# !!] #????######## | | ???????????????# % !!]s #????# # | | ???????????????# !] ! "T" #????#% # | | ???????????????## !%= % ######*= # | | ????????????????# %/ =! # | | ????????????????# ########### % # | | ????????????????########### ##?????????#% * + | | ??????????????????????????#s#????############## | | ???????????????############ #????#! ####### | | ???????????????# ## #????# """%# ] ### | | ???????????????# ""t##w#????# "T + =[ | | ???????????????# %T"*##u#????# # !### | | ?????????"""???# """ "g/% #????# ## ##?# | | ?????????"" # """ k%u;# #????######### #?## | | ??????????? g """w %%[;# #????#######?# #?# | | ???????????????# %## +????# #?# #?# | | ???????????????# % @ ## #????# []= #?# #?# | | ???????????????######Y##### #????# []= ### ### | | ???????????????????=%* ??? #????# ] [ # # | | ?????????????????? = ??? #????# # ## | | ????????????????? ?? +????# + T ## | | ????????????????#### #??##?????# """ # ## | | ???????????????????# #?????????# """ # ## | | ???????????????????# #?????????# """ ######## | | ???????????????????# #?????????# #??????# | | ???????????????????+ #?????????# * #??????# | | ???????????????????# #?????????# ! #??????# | | ???????????????????# #?????????#######?????## | | ???????????????????# #?????????????????????#T | | ???????????????????? ??????????????????????## | | ???????????????????? ??????????????########## | | ???????????????????? ??????????????# # | | ?????????????????????????????????????# /! # | | ?????????????????????????????????????# = # | | ?????????????????????????????????????# ]# | | ?????????????????????????????????????#! / | | ????????????????????????????????????##=[ ] # | | ????????????????????????????????????# ![! # | | ????????????????????????????????????##]= # | | ?????????????????????????????????????# # | | ?????????????????????????????????############## | +----------------------------------------------------+ Best States ------------- Heat Dissipation 25 Energy Generation 14 Energy Capacity 280 Matter Stores 300 Matter Capacity 300 Sight Range 20 Robot Scan Range 20 Terrain Scan Density 10 Propulsion Shielding 33 Evasion (%) 62 Recoil Reduction 2 Offensive Hacking 20 Defensive Hacking 10 Item Schematics ----------------- None Robot Schematics ------------------ None Fabricated ------------ Nothing Alien Tech Used ----------------- None Achievements -------------- None Challenges ------------ None RPGLIKE | -11 -10 -10 -10 -9 -8 --------- Run | Yrd Mat Min Exi Min Mat Levels Raised 5 | . 1 1 . . 3 XP Earned 11161 | 3000 2580 500 350 500 4231 XP Spent 8975 | 2850 1200 1900 . . 3025 Upgrades 23 | 12 2 2 . . 7 Propulsion Slot 3 | 1 . 2 . . . Utility Slot 3 | 1 1 . . . 1 Weapon Slot 1 | 1 . . . . . Mass Support 2 | . . . . . 2 Inventory Capacity 1 | 1 . . . . . Sensor Range 10 | 8 . . . . 2 Ranged Accuracy 2 | . 1 . . . 1 KI Damage % 1 | . . . . . 1 Protomatter Created 347 | . 155 . . . 192 Integrity Restored 683 | . 335 . . . 348 Core 592 | . 309 . . . 283 Parts 91 | . 26 . . . 65 Protomatter Decayed 46 | . . . . . 46 Game ------ Seed MinesnifferEnergyLaser Manual? 0 Play Time 00:24:17 Cumulative 38.7 hours Start 2025.03.26 @ 20:22:27 End 2025.03.26 @ 20:44:56 Sessions 1 Manual Loads 0 Difficulty Rogue Special Mode Winter2019/RPGLIKE Game No. 68 Rogue 68 Adventurer 0 Explorer 0 Win Type - Total 0 Types 0/0/0/0/0/0/0/0/0 Lore% 14 Gallery% 27 Achievement% 30 Wizard Run 0 Options --------- Layout 0 ASCII 0 Keyboard 0 Movement Mouse Keybinds 0 Fullscreen 1 Font 24/Smallcaps Map View 76x56 Zoom Use 0% Tactical HUD 1 Map Filters NONE Filters NONE Steam 1 RUN: fc00cff8-adad-4dd0-b7a3-3cea053c75f1